 Dungeon Crawl Stone Soup version 0.15.2 (webtiles) character file.

48 HAWKINGL3623 the Grasshopper (level 4, -2/29 HPs)
             Began as a Halfling Warper on Feb 15, 2016.
             Slain by Crazy Yiuf
             ... wielding a +2 quarterstaff of chaos
              (11 damage)
             ... on Level 2 of the Dungeon.
             The game lasted 00:10:15 (2390 turns).

HAWKINGL3623 the Grasshopper (Halfling Warper)      Turns: 2390, Time: 00:10:15

HP  -2/29        AC  4     Str 11      XL: 4   Next:  0%
MP   0/6         EV 13     Int 12      God:
Gold 76          SH  0     Dex 14      Spells:  3 memorised,  1 level left

rFire  + . .     SeeInvis .     d - +0 spear
rCold  x . .     Clarity  .     b - +0 leather armour
rNeg   . . .     rCorr    .     (no shield)
rPois  .         rRot     .     (no helmet)
rElec  .         Spirit   .     (no cloak)
SustAb .         Warding  .     (no gloves)
rMut   .         Stasis   .     i - +0 pair of boots
Gourm  .                        (no amulet)
MR     .....                    (no ring)
                                e - ring of fire

@: drained, not resistant to hostile enchantments, very unstealthy
A: mutation resistance 1
a: no special abilities


You were on level 2 of the Dungeon.
You were not hungry.

You visited 1 branch of the dungeon, and saw 2 of its levels.

You collected 76 gold pieces.

Inventory:

Hand weapons
 a - a +0 short sword
 d - a +0 spear (weapon)
Armour
 b - a +0 leather armour (worn)
 i - a +0 pair of boots (worn)
Comestibles
 f - 3 bread rations
 g - a meat ration
Scrolls
 h - a scroll of identify
Jewellery
 e - a ring of fire (left hand)
Books
 c - a book of Spatial Translocations

   Spells                             Type                      Level
   *Apportation                       Translocation                1
   *Blink                             Translocation                2
   *Shroud of Golubria                Charms/Translocation         2
   Portal Projectile                  Translocation                3
   Teleport Other                     Translocation                3
   Passage of Golubria                Translocation                4


   Skills:
 + Level 2.0(1.7) Fighting
 + Level 2.9(2.6) Short Blades
 + Level 0.1(0.0) Polearms
 + Level 1.5(1.2) Throwing
 + Level 1.3(1.0) Armour
 + Level 2.8(2.5) Dodging
 + Level 0.4(0.2) Stealth
 + Level 1.7(1.4) Spellcasting
 + Level 3.9(3.6) Translocations


You had one spell level left.
You knew the following spells:

 Your Spells              Type           Power        Failure   Level  Hunger
a - Apportation           Tloc           #.........   8%          1    ##.....
b - Blink                 Tloc           N/A          12%         2    ###....
c - Shroud of Golubria    Chrm/Tloc      #.........   21%         2    ###....


Dungeon Overview and Level Annotations

Branches:
Dungeon (2/15)

Altars:

Annotations:
D:2 Crazy Yiuf


Innate Abilities, Weirdness & Mutations

You are small and have problems with some larger weapons.
You are somewhat resistant to further mutation.


Message History

Casting: Blink
Confirm with . or Enter, or press ? or * to list all spells.
Okay, then.
Read which item? (? for menu, Esc to quit)
As you read the scroll labeled IWIACW THEL, it crumbles to dust.
You assume a fearsome visage.
Crazy Yiuf looks frightened!
It was a scroll of fear.
Attack whom?
Press: ? - help, Dir - move target cursor, f/p - Crazy Yiuf
Aim: Crazy Yiuf, wielding a quarterstaff of chaos and wearing a runed cloak (lightly wounded, fleeing)
You reach to attack!
You catch the helpless Crazy Yiuf completely off-guard!
You hit Crazy Yiuf.
Your attack snaps Crazy Yiuf out of his fear.
Crazy Yiuf is moderately wounded.
Casting: Blink
Confirm with . or Enter, or press ? or * to list all spells.
You blink.
Crazy Yiuf hits you with a quarterstaff of chaos!
You die...

##................#
#.................'
##...###.<........#
#...# #.#.......##
#..## #.##......##
#..####.###...#..#
#.......###...##..
####.########..#..(..
#.§g@....###.##.###.#
#.##.###.##.##.⌠.###.
#.##.# #.#.####.#.###
#.##.###g..#.#.#.#.#.
#.##......#.⌠.###.⌠§#
#.######...#.#.#.#.#.
#..........####.###.#
###########.##.⌠.###.
##.##.#.###


You could see Crazy Yiuf.

Vanquished Creatures
  A gnoll (D:1)
  2 ball pythons (D:1)
  A hobgoblin (D:1)
  8 jackals
  4 kobolds (D:1)
  6 bats
  A giant gecko (D:2)
  4 giant newts
  6 goblins (D:1)
  9 rats
42 creatures vanquished.

Notes
Turn   | Place    | Note
--------------------------------------------------------------
     0 | D:1      | HAWKINGL3623, the Halfling Warper, began the quest for the Orb.
     0 | D:1      | Reached XP level 1. HP: 14/14 MP: 2/2
   379 | D:1      | Reached XP level 2. HP: 8/19 MP: 3/3
   806 | D:1      | Reached XP level 3. HP: 22/24 MP: 5/5
   897 | D:1      | Learned a level 2 spell: Blink
   900 | D:1      | Learned a level 2 spell: Shroud of Golubria
  2142 | D:2      | Reached XP level 4. HP: 29/29 MP: 6/6
  2221 | D:2      | Noticed Crazy Yiuf
  2390 | D:2      | Slain by Crazy Yiuf

Action                   |  1- 3 |  4- 6 || total
-------------------------+-------+-------++-------
Melee: Short sword       |   122 |     3 ||   125
       Spear             |    20 |     9 ||    29
Throw: Tomahawk          |     5 |       ||     5
 Cast: Blink             |     3 |     9 ||    12
       Shroud of Golubri |     1 |     1 ||     2
  Use: Scroll            |     5 |     1 ||     6
       Potion            |     2 |       ||     2
 Stab: Fleeing           |       |     1 ||     1
  Eat: Chunk             |     3 |       ||     3
       Meat ration       |       |     1 ||     1
